 Dungeon Crawl Stone Soup version 0.15-a0-2172-g9ff0d5b (webtiles) character file.

94 PolkaDot the Cudgeler (level 4, -1/48 HPs)
             Began as an Ogre Death Knight on July 21, 2014.
             Was a Believer of Yredelemnul.
             Slain by tabulaattori's ghost (9 damage)
             ... on Level 3 of the Dungeon.
             The game lasted 00:10:38 (2066 turns).

PolkaDot the Cudgeler (Ogre Death Knight)           Turns: 2066, Time: 00:10:38

HP  -1/48        AC  3     Str 18      XL: 4   Next: 63%
MP   6/7         EV  9     Int 13 (15) God: Yredelemnul [**....]
Gold 63          SH  0     Dex 10      Spells:  0 memorised,  3 levels left

rFire  . . .     SeeInvis .     a - +1 mace
rCold  . . .     Clarity  .     b - +0 robe
rNeg   + . .     rCorr    .     (shield restricted)
rPois  .         rRot     .     (helmet restricted)
rElec  .         Spirit   .     (no cloak)
SustAb .         Warding  +     (gloves unavailable)
rMut   .         Stasis   .     (boots unavailable)
Gourm  .                        p - amulet of warding
MR     .....                    (no ring)
                                (no ring)

@: brilliant, very slightly contaminated, hasted, very quick, not resistant to
hostile enchantments, very unstealthy
A: unfitting armour, tough skin 1
a: Animate Remains, Recall Undead Slaves, Injury Mirror, Renounce Religion


You were on level 3 of the Dungeon.
You worshipped Yredelemnul.
Yredelemnul was pleased with you.
You were not hungry.

You visited 1 branch of the dungeon, and saw 3 of its levels.

You collected 63 gold pieces.

Inventory:

Hand weapons
 a - a +1 mace (weapon)
Armour
 b - a +0 robe (worn)
Comestibles
 c - a meat ration
 j - a slice of pizza
Scrolls
 d - 2 scrolls of magic mapping {unknown}
 e - 2 scrolls of random uselessness {unknown}
 i - a scroll of immolation {unknown}
 k - 2 scrolls of enchant armour {unknown}
 l - a scroll of identify {unknown}
 n - a scroll of blinking {unknown}
 o - 2 scrolls of enchant weapon {unknown}
 q - a scroll of remove curse {unknown}
 r - a scroll of recharging {unknown}
Jewellery
 p - an amulet of warding (around neck)
Potions
 m - a potion of brilliance


   Skills:
 + Level 4.2 Fighting
 * Level 4.6 Maces & Flails
 - Level 1.3 Dodging
 + Level 3.6 Invocations


You had 3 spell levels left.
You didn't know any spells.

Dungeon Overview and Level Annotations

Branches:
Dungeon (3/15)

Altars:

Annotations:
D:3 tabulaattori's ghost, average HEHu


Innate Abilities, Weirdness & Mutations

You are too large for most types of armour.
You have tough skin (AC +1).


Message History

Tabulaattori's ghost hits you.
You hit tabulaattori's ghost.
Tabulaattori's ghost is severely damaged.
Your jackal zombie barely misses tabulaattori's ghost.
Tabulaattori's ghost hits you!
* * * LOW HITPOINT WARNING * * *
You hit tabulaattori's ghost but do no damage.
Tabulaattori's ghost is severely damaged.
Your jackal zombie bites tabulaattori's ghost but does no damage.
Tabulaattori's ghost hits you.
* * * LOW HITPOINT WARNING * * *
You hit tabulaattori's ghost.
Tabulaattori's ghost is severely damaged.
Your jackal zombie completely misses tabulaattori's ghost.
You closely miss tabulaattori's ghost.
Tabulaattori's ghost is severely damaged.
Your jackal zombie closely misses tabulaattori's ghost.
Tabulaattori's ghost hits you!
You die...
Your body rises from the dead as a mindless zombie.

#.. #...
.?
#..##.#
#..... #
#....# .#
#....##.#
#.......#
#...$...#
#.@W...#
#.#Z##?#
#.#....#
#.###..#
#. ..# ##
....
.#### ##


You could see tabulaattori's ghost and a friendly jackal zombie.

Vanquished Creatures
  Terence (D:1)
  4 adders
  A worm (D:2)
  3 giant cockroaches
  5 hobgoblins (D:1)
  3 kobolds (D:1)
  4 bats
  2 giant geckos (D:1)
  4 giant newts
  2 goblins
  A hobgoblin skeleton (D:2)
  4 jackals
  3 rats
  A rat skeleton (D:2)
38 creatures vanquished.

Vanquished Creatures (collateral kills)
  An adder (D:1)
  A bat (D:1)
  A giant cockroach (D:2)
3 creatures vanquished.

Vanquished Creatures (others)
  A bat zombie (D:1)
  A giant cockroach zombie (D:1)
  A giant newt zombie (D:1)
  A hobgoblin zombie (D:1)
  A kobold skeleton (D:1)
5 creatures vanquished.

Grand Total: 46 creatures vanquished

Notes
Turn   | Place    | Note
--------------------------------------------------------------
     0 | D:1      | PolkaDot, the Ogre Death Knight, began the quest for the Orb.
     0 | D:1      | Reached XP level 1. HP: 22/22 MP: 2/2
     8 | D:1      | You fall through a shaft!
    60 | D:1      | Reached XP level 2. HP: 22/31 MP: 1/3
   717 | D:1      | Reached XP level 3. HP: 39/39 MP: 5/5
  1383 | D:2      | Noticed Terence
  1422 | D:1      | Killed Terence
  1422 | D:1      | Reached skill level 4 in Maces & Flails
  1457 | D:2      | Acquired Yredelemnul's second power
  1496 | D:1      | Reached XP level 4. HP: 14/48 MP: 7/7
  2030 | D:3      | Noticed tabulaattori's ghost (average HEHu)
  2066 | D:3      | Slain by tabulaattori's ghost

Action                   |  1- 3 |  4- 6 || total
-------------------------+-------+-------++-------
Melee: Mace              |    95 |    51 ||   146
Invok: Animate Remains   |    10 |     4 ||    14
  Use: Potion            |     2 |     6 ||     8
 Stab: Distracted        |       |     1 ||     1
  Eat: Chunk             |     1 |     4 ||     5
